[Event "Late-Titled-Tuesday-Blitz-May-28-2024"]
[Site "Chess.com"]
[Date "2024.05.28"]
[Round "11"]
[White "slidingknight2775"]
[Black "JonasGallasch"]
[Result "1/2-1/2"]
[WhiteElo "2626"]
[BlackElo "2499"]
[TimeControl "180+1"]
[EndTime "16:06:07 PDT"]
[Termination "Game drawn by repetition"]

1. d4 Nf6 2. c4 g6 3. Nc3 d5 4.
Nf3 Bg7 5. cxd5 Nxd5 6. e4 Nxc3 7. bxc3 c5 8. h3 O-O 9. Be2 cxd4 10. cxd4 Qa5+ 11.
Bd2 Qa3 12. O-O Nc6 13. d5 Nd4 14. Nxd4 Bxd4 15. Bh6 Bg7 16. Bxg7 Kxg7 17. Qd4+ f6 18. Rfc1 Qd6 19. Rab1 b6 20. Rc6 Qd8 21. Rbc1 Bd7 22.
Rc7 Rc8 23. Rxc8 Bxc8 24. e5 Be6 25. Bf3 Bf7 26. g4 e6 27. d6 fxe5 28. Qxe5+ Qf6 29. Qxf6+ Kxf6 30. Rc7 Rd8 31. d7 Ke7 32. Rxa7 Rxd7 33. Ra6 Rd6 34. a4 e5 35. a5 bxa5 36. Rxa5 Kf6 37.
Kg2 Be6 38. h4 h6 39. Kg3 Rd4 40. Ra6 e4 41. Be2 Ke5 42. Ra5+ Bd5 43. Ra6 Rd2 44. Bf1 Rd1 45. Be2 Re1 46. Bb5 Rg1+ 47. Kh2 Rxg4 48.
Kh3 Rf4 49. Rxg6 Be6+ 50. Kg3 Rf3+ 51. Kg2 Bh3+ 52. Kg1 Rb3 53. Be2 Rb2 54. Bg4 Rb1+ 55. Kh2 Bxg4 56. Rxg4 Kf5 57. Rg8 Rf1 58. Kg2 Ra1 59.
h5 Ra2 60. Kg3 Ra3+ 61. Kg2 Rf3 62. Rg6 Ra3 63. Rxh6 Kg5 64. Rh8 Ra2 65. Kg3 Ra3+ 66. Kg2 Ra2 67. Kg3 Ra3+ 68. Kg2 1/2-1/2

[Event "Late-Titled-Tuesday-Blitz-May-28-2024"]
[Site "Chess.com"]
[Date "2024.05.28"]
[Round "11"]
[White "ImportedItalianMaple"]
[Black "crazy_but_lazy"]
[Result "0-1"]
[WhiteElo "2543"]
[BlackElo "2678"]
[TimeControl "180+1"]
[EndTime "16:06:08 PDT"]
[Termination "crazy_but_lazy won on time"]

1. e4 c6 2. d4 d5 3. exd5 cxd5 4. Bd3 Nc6 5. c3 Qc7 6. Ne2 e6 7. Nd2 Bd6 8. Nf3 Nge7 9. O-O f6 10. c4 dxc4 11. Bxc4 Nd5 12. Nc3 Nxc3 13. bxc3 Ne7 14. Qb3 O-O 15. Bxe6+ Kh8 16. Bb2 Ng6 17. Bxc8 Raxc8 18.
g3 Qd7 19. Rfe1 Qh3 20. Qe6 Qh5 21. Kg2 Rfd8 22. c4 Bb4 23. Re4 Nf8 24. Qh3 Qxh3+ 25. Kxh3 Rxc4 26. a3 Bd6 27. Rd1 Kg8 28. Kg2 Kf7 29.
Rd2 Rdc8 30. Ree2 Nd7 31. d5 a6 32. Nd4 g6 33. Ne6 b5 34. f4 a5 35. h4 h5 36. Rd3 a4 37. Rdd2 b4 38. axb4 Bxb4 39. Rd3 Bd6 40. Rde3 Rc2 41. Kf3 Rxe2 42. Rxe2 a3 43.
Ba1 Rc1 44. Bd4 Rd1 45. Ra2 Nf8 46. Rc2 Nxe6 47. dxe6+ Kxe6 48. Bc5 Bxc5 49. Rxc5 a2 0-1

[Event "Late-Titled-Tuesday-Blitz-May-28-2024"]
[Site "Chess.com"]
[Date "2024.05.28"]
[Round "11"]
[White "dealshark"]
[Black "betta2004"]
[Result "0-1"]
[WhiteElo "2424"]
[BlackElo "2550"]
[TimeControl "180+1"]
[EndTime "16:06:09 PDT"]
[Termination "betta2004 won by checkmate"]

1. e4 c6 2. d4 d5 3. Nd2 dxe4 4. Nxe4 Nf6 5. Nxf6+ exf6 6. c3 Bd6 7. Bd3 O-O 8.
Qc2 h5 9. Ne2 h4 10. h3 Re8 11.
O-O Nd7 12. Bd2 Nf8 13. Rae1 Be6 14. c4 Qd7 15. f4 f5 16. b3 f6 17. Bc3 g6 18.
Kh1 Nh7 19. Ng1 Bf8 20. Qf2 g5 21. fxg5 fxg5 22. Bxf5 Bxf5 23. Qxf5 Qxf5 24. Rxf5 Rxe1 25.
Bxe1 Rd8 26. Bc3 Bg7 27. Nf3 Bf6 28. Kg1 Kg7 29. Kf2 b6 30. g4 hxg3+ 31. Kxg3 Kg6 32. Kg4 Bg7 33. Ne5+ Bxe5 34. Rxe5 Nf6+ 35. Kf3 Rh8 36. Kg2 Nh5 37. Bd2 Nf4+ 38. Bxf4 gxf4 39. d5 cxd5 40. Rxd5 Rh7 41. b4 Kf6 42. c5 bxc5 43. Rxc5 Ke6 44. a4 Kd6 45. Rg5 Ke6 46. b5 Rc7 47. h4 Rc3 48. a5 Ra3 49. b6 axb6 50. axb6 Rb3 51. h5 Kf6 52. Rg6+ Kf5 53. Rc6 Kg4 54. h6 Rb2+ 55. Kf1 Kf3 56. Ke1 Ke3 57. Kd1 f3 58.
Re6+ Kd3 59. h7 Rb1# 0-1

[Event "Late-Titled-Tuesday-Blitz-May-28-2024"]
[Site "Chess.com"]
[Date "2024.05.28"]
[Round "11"]
[White "GMBenjaminFinegold"]
[Black "Polish_fighter3000"]
[Result "0-1"]
[WhiteElo "2750"]
[BlackElo "3103"]
[TimeControl "180+1"]
[EndTime "16:06:10 PDT"]
[Termination "Polish_fighter3000 won by checkmate"]

1. d4 g6 2. c4 Bg7 3. e4 c5 4. d5 d6 5. Nc3 Bxc3+ 6. bxc3 e5 7. f4 Nd7 8. Nf3 exf4 9. Bxf4 Qe7 10. Bd3 f6 11. O-O Kd8 12. a4 a5 13. Rb1 Ra6 14. Rb5 g5 15. Bd2 Nh6 16. Qb1 Kc7 17. Qc1 Nf7 18. Be3 h5 19. Nd2 f5 20. Rxf5 Nde5 21. Qf1 Bxf5 22. exf5 Ng4 23. Bf2 Nfe5 24. Ne4 Nxf2 25.
Kxf2 Rf8 26. f6 Ng4+ 27. Kg1 Rxf6 28. Qb1 Kb8 29. h3 Ne5 30. Be2 Rf4 31. Nxg5 Ka8 32. Ne6 Rf6 33. Rb6 Ka7 34. Rxa6+ bxa6 35. Qb2 Qd7 36. Qb3 Rg6 37. Qb2 Rg8 38. Bf1 Qf7 39.
Qe2 Nf3+ 40. Kh1 Ne5 41. Kg1 Qf5 42. Kh1 Ng6 43. Qe1 Ne5 44. Be2 Qe4 45. Qf2 h4 46. Qf7+ Nxf7 47. Bf3 Qe1+ 48. Kh2 Ne5 49. Ng5 Qg3+ 50. Kg1 Rb8 51. Kf1 Rb1+ 52. Ke2 Qe1# 0-1

[Event "Late-Titled-Tuesday-Blitz-May-28-2024"]
[Site "Chess.com"]
[Date "2024.05.28"]
[Round "11"]
[White "katharinareinecke"]
[Black "Quaide7"]
[Result "1-0"]
[WhiteElo "1969"]
[BlackElo "2120"]
[TimeControl "180+1"]
[EndTime "16:06:11 PDT"]
[Termination "katharinareinecke won on time"]

1. d4 Nf6 2. Nf3 e6 3. g3 c5 4. dxc5 Na6 5. Bg2 Nxc5 6. O-O Be7 7. c4 O-O 8. b3 b6 9. Bb2 Bb7 10. Nbd2 Qc7 11. Be5 d6 12. Bb2 a6 13. Re1 Rac8 14. Rc1 Rfd8 15. b4 Ncd7 16. Qb3 d5 17. cxd5 Qd6 18.
dxe6 Qxe6 19. Qxe6 fxe6 20. Rxc8 Rxc8 21. Ne5 Bxg2 22.
Kxg2 Rc2 23. Nxd7 Nxd7 24. Bc1 Bxb4 25. Rd1 Rxa2 26. Nc4 Nf8 27. Nxb6 Rxe2 28. Be3 a5 29. Rd8 Kf7 30. Ra8 Ra2 31. Nc4 Nd7 32. Ra7 Ke7 33. Bg5+ Ke8 34. Ra8+ Kf7 35. Ra7 Ke8 36. Ra8+ Kf7 37.
Ra7 Kg6 38. h4 Nf6 39. Ne5+ Kf5 40. Nc6 Bc5 41. Rxa5 Rxf2+ 42. Kh3 Rc2 43. Nd4+ Ke4 44. Nxc2 Nd5 45. Rxc5 h6 46. Bd8 Kd3 47. Rxd5+ exd5 48. Nb4+ Kc4 49. Nxd5 Kxd5 50. Kg4 Ke6 51. Kh5 Kf7 52. Bc7 Kf8 53. Be5 Kf7 54. Bc3 g6+ 55. Kxh6 g5 56.
Kxg5 1-0

[Event "Late-Titled-Tuesday-Blitz-May-28-2024"]
[Site "Chess.com"]
[Date "2024.05.28"]
[Round "11"]
[White "GothamChess"]
[Black "RantomOpening"]
[Result "1-0"]
[WhiteElo "2796"]
[BlackElo "2580"]
[TimeControl "180+1"]
[EndTime "16:06:12 PDT"]
[Termination "GothamChess won on time"]

1. e4 c5 2. a3 e6 3. b4 cxb4 4. axb4 Bxb4 5. c3 Bf8 6. d4 d5 7. e5 Nc6 8. Qg4 Nge7 9. h4 h5 10. Qh3 Nf5 11. Nf3 Be7 12. Bd3 g6 13. Bxf5 exf5 14.
Qg3 Be6 15. Bg5 Bxg5 16. Nxg5 Qd7 17. Na3 Nd8 18. O-O O-O 19. Rfb1 b6 20. Nb5 Nb7 21. Nxe6 Qxe6 22. Nc7 Qc6 23. Nxa8 Rxa8 24. Kh2 a5 25. Qg5 Qe6 26. Rb5 Ra6 27. Kg3 Qc6 28. Rb3 a4 29.
Rba3 b5 30. Rb1 Na5 31. e6 Qd6+ 32. Kh3 Qxa3 33. Qd8+ Kg7 34. e7 Re6 35. e8=Q Qxc3+ 36. f3 Rxe8 37. Qxe8 Qxd4 38. Rxb5 Nc4 39. Rb8 Kh7 40. Qxf7+ Kh6 41. Qf8+ Qg7 42. Qc5 f4 43. Qxd5 Ne3 44. Qg5+ Kh7 45. Qxf4 Qd7+ 46. Kh2 Nd5 47. Qe5 Nf6 48. Rf8 1-0

[Event "Late-Titled-Tuesday-Blitz-May-28-2024"]
[Site "Chess.com"]
[Date "2024.05.28"]
[Round "11"]
[White "blueryder"]
[Black "giovannibrandao7"]
[Result "0-1"]
[WhiteElo "2161"]
[BlackElo "2285"]
[TimeControl "180+1"]
[EndTime "16:06:15 PDT"]
[Termination "giovannibrandao7 won on time"]

1. e4 c5 2. Nc3 Nf6 3. f4 d6 4.
Nf3 Nc6 5. Bc4 Bg4 6. d3 Bxf3 7. Qxf3 e6 8. O-O Be7 9. Bb3 Nd4 10. Qg3 O-O 11. Be3 d5 12. Bxd4 cxd4 13. e5 dxc3 14. exf6 Bxf6 15. bxc3 Bxc3 16. Rad1 Bd4+ 17. Kh1 a5 18. a4 Qd7 19. f5 b5 20. f6 g6 21.
Qg5 Qd8 22. c3 Bxf6 23. Rxf6 Qd7 24. axb5 a4 25. Ba2 Qxb5 26. Rdf1 Qb2 27. Bb1 Qxc3 28. d4 Qxd4 29. h4 Kg7 30. h5 h6 31. Qg3 Qxf6 32. Rxf6 Kxf6 33. hxg6 fxg6 34. Qxg6+ Ke7 35. Qg7+ Kd6 36.
Qg3+ Kc6 37. Qa3 Rf1+ 38. Kh2 Rxb1 39. Qc3+ Kb7 40. Qc2 Rb3 41. Qc5 a3 42. Qe7+ Kb6 43. Qxe6+ Kc5 44. Qe7+ Kd4 45. Qe1 a2 46. Qd1+ Rd3 47.
Qa1+ Kc4 48. Qe5 a1=Q 49. Qc7+ Kd4 50. Qb6+ Kc3 51. Qc5+ Kd2 52. Qc3+ Qxc3 0-1

[Event "Late-Titled-Tuesday-Blitz-May-28-2024"]
[Site "Chess.com"]
[Date "2024.05.28"]
[Round "11"]
[White "Zq1"]
[Black "djano"]
[Result "0-1"]
[WhiteElo "2533"]
[BlackElo "2615"]
[TimeControl "180+1"]
[EndTime "16:06:16 PDT"]
[Termination "djano won on time"]

1. Nf3 g6 2. c4 Bg7 3. Nc3 Nf6 4. e4 d6 5. d4 O-O 6. Be2 c5 7. d5 e6 8. O-O exd5 9. cxd5 Re8 10. Bd3 a6 11. a4 Nbd7 12. h3 Qc7 13. Bf4 Nh5 14.
Bh2 c4 15. Bc2 Rb8 16. Re1 b5 17. axb5 axb5 18. g4 b4 19. gxh5 bxc3 20. bxc3 Bxc3 21. hxg6 hxg6 22. Ra4 Bxe1 23. Qxe1 Rb2 24. Qc3 Qb6 25. Rxc4 Bb7 26. Bxd6 Rxc2 27. Qxc2 Qxd6 28. Qc3 Ne5 29. Nxe5 Rxe5 30. Rc7 Rg5+ 31. Kh1 Qa6 32. Qc1 Rh5 33.
Kg2 Qd3 34. f3 Ba6 35. Rc2 Kh7 36. Rf2 f6 37. Qc7+ Kh6 38. Qd8 Rg5+ 39. Kh2 Kh7 40.
Qe7+ Kh6 41. Qxf6 Rh5 42. Qh8+ Kg5 43. Qe5+ Kh6 44. Qf4+ Kh7 45. Rg2 Bc8 46. Qf7+ Kh8 47.
Qf8+ Kh7 48. Qxc8 Qxf3 49. Qg4 Qf6 50. Qg3 Re5 51. Re2 Qd6 52. Kg2 Qe7 53. Qf4 Rg5+ 0-1

[Event "Late-Titled-Tuesday-Blitz-May-28-2024"]
[Site "Chess.com"]
[Date "2024.05.28"]
[Round "11"]
[White "MrEscacs"]
[Black "rhwr"]
[Result "0-1"]
[WhiteElo "2184"]
[BlackElo "2347"]
[TimeControl "180+1"]
[EndTime "16:06:18 PDT"]
[Termination "rhwr won by resignation"]

1. e4 c5 2. c3 e6 3. d4 d5 4. e5 Nc6 5. Nf3 Bd7 6. a3 c4 7. g3 Na5 8. Nbd2 Qb6 9. h4 O-O-O 10. Bh3 Ne7 11. Ng5 Be8 12. Qf3 Nf5 13. Bxf5 exf5 14. Qxf5+ Kb8 15. Nxf7 Bxf7 16. Qxf7 Nc6 17. O-O Ka8 18.
Nxc4 dxc4 19. Qxc4 Be7 20. Be3 Na5 21. Qa4 Qa6 22.
Qc2 g6 23. Rfd1 Qc6 24. b3 Rhf8 25. c4 Qf3 26. d5 Qg4 27. Kh2 Rf3 28. Rd4 Qh5 29.
d6 Bf8 30. c5 Nc6 31. Re4 Nxe5 32. Bf4 Ng4+ 33. Kg2 Rxf2+ 34. Qxf2 Nxf2 35. Kxf2 Qd5 36. Rae1 Qxc5+ 37. R1e3 Bxd6 38. Bxd6 Qxd6 39. Re8 Qb8 40.
R8e7 a6 41. Rxh7 Rf8+ 42. Kg2 Re8 43. Rf3 Re2+ 44. Kf1 Qe8 45. Rhf7 Re1+ 46. Kg2 Qe2+ 47. Kh3 Qe6+ 48. Kg2 Re2+ 49. Kf1 Re1+ 50. Kg2 Qe2+ 51.
Kh3 Rh1+ 52. Kg4 Qe6+ 53. Kg5 Re1 54. R3f6 Re5+ 55. Kxg6 Qg4+ 56. Kh7 Rh5+ 57. Rh6 Qe4+ 58. Kg7 Qe5+ 59. Rff6 Rxh6 60. Kxh6 Qxf6+ 61. Kh5 Qf5+ 62.
Kh6 Qg4 63. h5 Qxg3 64. Kh7 Qxb3 65. h6 Qxa3 66. Kg8 Qh3 67. h7 Qxh7+ 68. Kxh7 a5 69. Kg6 a4 70. Kf5 a3 0-1

[Event "Late-Titled-Tuesday-Blitz-May-28-2024"]
[Site "Chess.com"]
[Date "2024.05.28"]
[Round "11"]
[White "CheckBits"]
[Black "Denmark2015"]
[Result "1/2-1/2"]
[WhiteElo "2419"]
[BlackElo "2559"]
[TimeControl "180+1"]
[EndTime "16:06:21 PDT"]
[Termination "Game drawn by repetition"]

1. e4 e6 2. Nf3 d5 3. e5 c5 4. d4 Nc6 5. c3 Nge7 6. Bd3 Nf5 7. O-O cxd4 8. Bxf5 exf5 9. Nxd4 Be6 10. Re1 Be7 11.
Qd3 Qd7 12. Nd2 O-O 13. N2f3 h6 14. h4 Rfd8 15. g3 a6 16. Bf4 Rac8 17. Rad1 Na5 18. h5 Nc4 19. Re2 b5 20. Kg2 b4 21.
cxb4 Bxb4 22. Nh4 Bc5 23. Nhxf5 Bxd4 24. Nxd4 Bg4 25. f3 Bxh5 26. e6 fxe6 27. Nxe6 Re8 28. Rde1 Bf7 29. Nd4 a5 30. g4 a4 31. b3 axb3 32.
axb3 Na5 33. Nf5 Rxe2+ 34. Rxe2 Re8 35. Rxe8+ Bxe8 36. b4 Nb7 37. Qxd5+ Qxd5 38. Ne7+ Kf7 39. Nxd5 Bc6 40. Nc3 Nd8 41. Kf2 Ne6 42. Be5 Ng5 43. f4 Ne4+ 44. Nxe4 Bxe4 45. b5 g6 46. Ke3 Bg2 47. Kd4 Ke6 48. Bg7 h5 49. f5+ Kf7 50.
Be5 h4 51. fxg6+ Kxg6 52. Bf4 Kf6 53. Kc5 h3 54. Kd6 h2 55. Bxh2 Kg5 56. Be5 Kxg4 57. Bd4 Kf5 58. Bc5 Kg4 59. b6 Kf5 60. Kc7 Kg4 61.
Bd6 Kf5 62. Be7 Kg4 63. Bf8 Kf5 64. Be7 Kg4 65. Bd8 Kf5 66. Be7 1/2-1/2

[Event "Late-Titled-Tuesday-Blitz-May-28-2024"]
[Site "Chess.com"]
[Date "2024.05.28"]
[Round "11"]
[White "FMalexhdez"]
[Black "shirovin"]
[Result "1-0"]
[WhiteElo "2278"]
[BlackElo "2109"]
[TimeControl "180+1"]
[EndTime "16:06:22 PDT"]
[Termination "FMalexhdez won on time"]

1. e4 Nf6 2. e5 Nd5 3. d4 d6 4. Nf3 dxe5 5. Nxe5 c6 6. Be2 Bf5 7. c3 Nd7 8. O-O Nxe5 9. dxe5 e6 10. Bf3 Be7 11.
Nd2 Qc7 12. Nc4 O-O 13. Re1 Rad8 14. Qb3 Nb6 15. Nxb6 Qxb6 16. Be3 Qxb3 17. axb3 a6 18. Bb6 Rd2 19. Re2 Rxe2 20. Bxe2 Bd8 21. Bc5 Re8 22. Rd1 b6 23. Be3 Bc7 24. f4 h6 25. Rd7 Bb8 26.
Bxa6 f6 27. exf6 gxf6 28. Bb7 e5 29. Rd2 c5 30. fxe5 Bxe5 31. Bxh6 b5 32. Rf2 Be6 33. g3 Bxb3 34. Bc6 Rb8 35. Bf4 Bc4 36. Bxe5 fxe5 37. Rf5 Rc8 38. Bf3 Re8 39. Be4 Re7 40. Kf2 Kg7 41. Ke3 Bb3 42. h4 b4 43. h5 bxc3 44. bxc3 Ra7 45. Rxe5 Ra3 46. Re7+ Kf6 47. Rc7 c4 48. Kd4 Kg5 49. Rc5+ Kh6 50. g4 Ra1 51. Rc6+ Kg7 52. Rg6+ Kf7 53. h6 Rd1+ 54. Kc5 Re1 55. Rg7+ Kf8 56. Bf5 1-0

[Event "Late-Titled-Tuesday-Blitz-May-28-2024"]
[Site "Chess.com"]
[Date "2024.05.28"]
[Round "11"]
[White "JohnWhite1952"]
[Black "lluiss"]
[Result "0-1"]
[WhiteElo "2012"]
[BlackElo "2163"]
[TimeControl "180+1"]
[EndTime "16:06:24 PDT"]
[Termination "lluiss won on time"]

1. e4 c5 2. Nf3 d6 3. d3 g6 4. g3 Bg7 5. Bg2 e5 6. O-O Ne7 7. Re1 Nbc6 8. Nbd2 O-O 9. Nc4 b5 10. Ne3 Rb8 11. a4 a6 12. axb5 axb5 13. h4 Nd4 14. c3 Nxf3+ 15. Qxf3 f5 16. Qe2 f4 17.
Nd5 Nxd5 18. exd5 Qf6 19. gxf4 exf4 20. Qf3 Qxh4 21. Re4 Bg4 22. Rxf4 Qh5 23. Qxg4 Qxg4 24. Rxg4 b4 25. cxb4 cxb4 26. Bf4 Rbd8 27. Ra6 Bd4 28.
Bxd6 Bxf2+ 29. Kh1 Rf5 30. Bh2 Re8 31. Re6 Rc8 32.
Rc4 Ra8 33. Rc1 Bd4 34. d6 Bxb2 35. Bxa8 Bxc1 36. d7 Bg5 37. Re8+ Kg7 38. d8=Q Bxd8 39. Rxd8 Rf1+ 40. Kg2 Rd1 41. d4 Rd2+ 42. Kf3 b3 43. Be5+ Kh6 44. d5 b2 45. d6 b1=Q 46. Bf4+ Kh5 47. d7 Qf1+ 48. Ke4 Re2+ 49. Kd5 Qd1+ 0-1

[Event "Late-Titled-Tuesday-Blitz-May-28-2024"]
[Site "Chess.com"]
[Date "2024.05.28"]
[Round "11"]
[White "nihalsarin"]
[Black "wonderfultime"]
[Result "0-1"]
[WhiteElo "3244"]
[BlackElo "3067"]
[TimeControl "180+1"]
[EndTime "16:06:27 PDT"]
[Termination "wonderfultime won by checkmate"]

1. e4 e5 2. Nf3 Nc6 3. Bb5 a6 4. Ba4 Bc5 5. c3 Nge7 6. O-O Ng6 7. d4 Ba7 8. Bxc6 dxc6 9. Nxe5 Nxe5 10. dxe5 Qe7 11.
Qh5 h6 12. Nd2 Be6 13. Qe2 O-O-O 14. Nf3 Bg4 15. Be3 Bxe3 16. Qxe3 Bxf3 17. Qxf3 Qxe5 18.
Rad1 Qe6 19. b3 a5 20. g3 b6 21. Kg2 Kb7 22. Rd3 Rhe8 23. Re1 a4 24. c4 Rxd3 25.
Qxd3 axb3 26. axb3 Qe5 27. f4 Qe7 28. Rd1 g5 29.
fxg5 hxg5 30. Qf3 Ra8 31. Rd2 Ra1 32. Rf2 Re1 33. Qxf7 Qxe4+ 34. Qf3 Qb1 35. Re2 Rg1+ 36. Kh3 Rf1 37. Qe4 Qxb3 38. Kg4 Rc1 39. Re3 Qb4 40. Kxg5 Rxc4 41. Qf3 Qc5+ 42. Kg6 Qd6+ 43. Qf6 Rg4+ 44.
Kf7 Qd5+ 45. Re6 Qh5+ 46. Ke7 Rg8 47. Qf7 Qg5+ 48. Qf6 Qd5 49. Kf7 Rc8 50. g4 b5 51.
g5 Qd7+ 52. Re7 Qd5+ 53. Re6 Qd7+ 54. Qe7 Qd5 55. g6 Qh5 56. h4 Qh6 57. Qg5 Qf8# 0-1

[Event "Late-Titled-Tuesday-Blitz-May-28-2024"]
[Site "Chess.com"]
[Date "2024.05.28"]
[Round "11"]
[White "SHIVACalypso"]
[Black "emeli_chess"]
[Result "0-1"]
[WhiteElo "2520"]
[BlackElo "2431"]
[TimeControl "180+1"]
[EndTime "16:06:28 PDT"]
[Termination "emeli_chess won by resignation"]

1. e4 e5 2. Nf3 Nc6 3. h3 d5 4.
exd5 Qxd5 5. Nc3 Qa5 6. Bc4 Bd6 7. O-O Nf6 8. d4 exd4 9. Nxd4 O-O 10. Nxc6 bxc6 11.
Re1 Bd7 12. Qf3 Rae8 13. Bd2 Qc5 14. Bb3 Qh5 15. Qxh5 Nxh5 16. Rxe8 Rxe8 17. Re1 Rxe1+ 18. Bxe1 Nf4 19. Bd2 Ne6 20. Be3 c5 21. Ne4 Bc6 22. Bxe6 Bxe4 23. Bb3 Kf8 24. Kf1 f5 25. f3 Bc6 26. a4 c4 27. Bxc4 Bxa4 28. b3 Bc6 29.
Bxa7 Ke7 30. Bd4 g5 31. Kf2 h5 32. g4 hxg4 33. fxg4 fxg4 34. hxg4 Bf4 35. Be3 Kf6 36. Be2 Ke5 37. Ba7 Bc1 38. Bf3 Bd7 39. c4 Bb2 40. Bb8 Bd4+ 41. Kg3 Kd6 42. b4 Be6 43. c5+ Kd7 44.
c6+ Kd6 45. b5 Bc4 46. b6 Bxb6 47. Be4 Bb5 48. Kf3 Bxc6 49. Bxc6 Kxc6 50. Ke4 Kb7 51. Kf5 Kxb8 52. Kxg5 Kb7 53. Kf5 Bd4 54. Ke4 Bg7 55.
Kd5 c6+ 56. Ke6 Kb6 57. Kf7 Bd4 58. g5 c5 59. g6 c4 60. Ke6 Kc5 61. g7 Bxg7 0-1

[Event "Late-Titled-Tuesday-Blitz-May-28-2024"]
[Site "Chess.com"]
[Date "2024.05.28"]
[Round "11"]
[White "RAU4ever"]
[Black "glucolisis04"]
[Result "1-0"]
[WhiteElo "2363"]
[BlackElo "2265"]
[TimeControl "180+1"]
[EndTime "16:06:31 PDT"]
[Termination "RAU4ever won by checkmate"]

1. e4 c5 2. Nf3 Nc6 3. d4 cxd4 4. Nxd4 Nf6 5. Nc3 e5 6. Ndb5 d6 7. Bg5 a6 8. Na3 b5 9. Nd5 Be7 10. Bxf6 Bxf6 11. c3 Rb8 12. Nc2 Bg5 13. a4 bxa4 14. Ncb4 Nxb4 15. cxb4 Be6 16. Qxa4+ Bd7 17. Qc2 O-O 18.
Bxa6 Be6 19. b5 Bxd5 20. exd5 Qb6 21. O-O Bf6 22. Ra4 g6 23. Rc4 Bg7 24. Rc6 Qd4 25. Rxd6 e4 26. Rd1 Qxb2 27. Qxb2 Bxb2 28. b6 Kg7 29. b7 Be5 30. Rc6 Rfd8 31. Rc8 Kf6 32. Kf1 Ke7 33. Ke2 Bd6 34. Rdc1 Kd7 35. Ke3 Bb4 36.
Kxe4 f5+ 37. Kd4 Bd6 38. Rxd8+ Kxd8 39. Rc8+ Kd7 40. g3 Ke7 41. Kc4 Kd7 42. Bb5+ Ke7 43. Bc6 Be5 44. Kc5 Bd6+ 45. Kb6 Be5 46. Ka7 Bd4+ 47.
Kxb8 Kd6 48. Ka8 Kc5 49. b8=Q Bxf2 50. Qb5+ Kd4 51. Be8 Ke3 52. d6 Kf3 53. d7 Be3 54. Rc3 f4 55. gxf4 Kxf4 56. Rxe3 Kxe3 57. d8=Q g5 58.
Qdd3+ Kf4 59. Qbf5# 1-0

[Event "Late-Titled-Tuesday-Blitz-May-28-2024"]
[Site "Chess.com"]
[Date "2024.05.28"]
[Round "11"]
[White "Konavets"]
[Black "kingofthenil"]
[Result "1-0"]
[WhiteElo "3115"]
[BlackElo "2960"]
[TimeControl "180+1"]
[EndTime "16:06:33 PDT"]
[Termination "Konavets won on time"]

1. e4 Nc6 2. Nc3 d5 3. Nxd5 f5 4. Bb5 Nf6 5. Nxf6+ exf6 6. Qe2 Be7 7. Nf3 O-O 8. Bxc6 bxc6 9. O-O Re8 10. Qc4+ Kh8 11.
d3 Bd6 12. Re1 Rb8 13. a3 c5 14. b3 fxe4 15. dxe4 Bg4 16. Qc3 c4 17. b4 a5 18.
bxa5 Bxf3 19. Qxf3 Be5 20. c3 Rb3 21. Rd1 Qa8 22.
Bd2 Qxa5 23. Qh5 Ra8 24. Be1 h6 25. Rd5 Qb6 26. Rad1 Qe6 27. Qg6 Qe8 28. Qg4 Bxc3 29. Bxc3 Rxc3 30. Rd7 Qg8 31. Rxc7 Rcxa3 32. h4 Ra1 33.
Rxa1 Rxa1+ 34. Kh2 Ra8 35. h5 Re8 36. f3 Re5 37. Rc8 Re8 38. Rc5 Re5 39. Rc8 Re8 40. Rc7 Re5 41. Qh3 Re8 42. Kg1 Rb8 43. Qg4 Rd8 44.
Rc5 Rd1+ 45. Kh2 Rd8 46. Rc7 Re8 47. Qg6 Re5 48. f4 Re8 49. Qf5 Rd8 50. e5 fxe5 51.
fxe5 Rf8 52. Qg6 Rf4 53. e6 Rh4+ 54. Kg1 Rd4 55. e7 Rd1+ 56. Kf2 Rd2+ 57. Ke1 Rxg2 58.
Qxg2 Qe6+ 59. Qe2 1-0

[Event "Late-Titled-Tuesday-Blitz-May-28-2024"]
[Site "Chess.com"]
[Date "2024.05.28"]
[Round "11"]
[White "ATM622"]
[Black "tgpgoat"]
[Result "0-1"]
[WhiteElo "2570"]
[BlackElo "2516"]
[TimeControl "180+1"]
[EndTime "16:06:41 PDT"]
[Termination "tgpgoat won on time"]

1. d4 Nf6 2. c4 c5 3. d5 b5 4. cxb5 a6 5. e3 axb5 6. Bxb5 Ba6 7. Bxa6 Nxa6 8. Nf3 d6 9. O-O g6 10. Nc3 Bg7 11.
Nd2 O-O 12. Nc4 Nd7 13. e4 Ne5 14. Nxe5 Bxe5 15. Bh6 Re8 16. Qd2 Qb6 17. f4 Bd4+ 18.
Kh1 Reb8 19. Rab1 Qa5 20. f5 Nb4 21. fxg6 hxg6 22. Qg5 Qd8 23. h4 Bf6 24. Qg3 Nxa2 25. Nxa2 Rxa2 26. h5 Kh7 27. Bg5 Kg7 28. Bxf6+ exf6 29. Qc3 Rb4 30. Rf4 Rd4 31. hxg6 fxg6 32. Rbf1 Raa4 33.
Qf3 f5 34. Qc3 Qh8+ 35. Kg1 Kg8 36. b3 Rab4 37. Qg3 Qg7 38. exf5 Rxf4 39. Rxf4 Qa1+ 40.
Rf1 Qd4+ 41. Kh1 Qh4+ 42. Qxh4 Rxh4+ 43. Kg1 gxf5 44. Rxf5 Rd4 45. Kf2 Kg7 46. Ke3 Kg6 47. Rf8 Rxd5 48. Rd8 Kf6 49. Ke4 Re5+ 50. Kf4 Ke7 51.
Rb8 Re1 52. Kf3 Rb1 53. g4 c4 54. b4 d5 55. Ke3 Kd6 56. Kd4 Rd1+ 57. Ke3 Rd3+ 58.
Ke2 Rg3 59. Rg8 Kc6 60. Kf2 Rb3 61. g5 Rxb4 62. g6 Rb7 63. g7 Kb5 64. Rb8 Rxb8 0-1

[Event "Late-Titled-Tuesday-Blitz-May-28-2024"]
[Site "Chess.com"]
[Date "2024.05.28"]
[Round "11"]
[White "Naruna_Chan"]
[Black "marik_spb"]
[Result "0-1"]
[WhiteElo "2294"]
[BlackElo "2521"]
[TimeControl "180+1"]
[EndTime "16:06:45 PDT"]
[Termination "marik_spb won on time"]

1. e4 e5 2. Nf3 Nc6 3. Bb5 a6 4. Ba4 Nf6 5. O-O b5 6. Bb3 Be7 7. c3 O-O 8. Re1 d6 9. h3 Bb7 10. d3 Re8 11. a4 Bf8 12. Nbd2 g6 13. Nf1 Bg7 14. Bg5 Na5 15. Bc2 d5 16. exd5 Qxd5 17.
Ne3 Qd6 18. d4 exd4 19. Qxd4 Bxf3 20. Qxd6 cxd6 21. gxf3 Nd7 22. Red1 Ne5 23. Kg2 Nac4 24. b3 Nxe3+ 25. Bxe3 Rac8 26. Bd4 b4 27. c4 d5 28. Bxe5 Bxe5 29. Rab1 dxc4 30. bxc4 Rxc4 31. Bd3 Rd4 32. Bxa6 Rxd1 33. Rxd1 b3 34. Bb5 Rc8 35. Bd3 b2 36. Rb1 Rc5 37. Kf1 Kf8 38. Ke2 Ke7 39. f4 Bd4 40.
Kd2 f5 41. Bc2 Kf6 42. Kd3 Bc3 43. Bb3 Kg7 44. Bc4 Bf6 45. f3 Kh6 46. Bg8 Rc3+ 47.
Kd2 Rxf3 48. a5 Ra3 49. Kc2 Rxa5 50. Rd1 Rc5+ 51. Kb1 Rc8 52. Bb3 Rb8 53. Bc2 Rb4 54.
Rd6 Bg7 55. Rd7 Rxf4 56. Ka2 Rf2 57. Kb1 Rh2 0-1

[Event "Late-Titled-Tuesday-Blitz-May-28-2024"]
[Site "Chess.com"]
[Date "2024.05.28"]
[Round "11"]
[White "Roedor"]
[Black "Supelyel"]
[Result "1-0"]
[WhiteElo "2349"]
[BlackElo "2442"]
[TimeControl "180+1"]
[EndTime "16:06:45 PDT"]
[Termination "Roedor won by resignation"]

1. c4 d6 2. Nf3 Nf6 3. g3 Nbd7 4.
Bg2 e5 5. O-O Be7 6. Nc3 O-O 7.
d3 c6 8. Rb1 a5 9. a3 Re8 10.
e4 h6 11. h3 Qc7 12. b4 axb4 13. axb4 Bf8 14. Be3 b6 15. Qd2 Bb7 16. b5 Nc5 17. Nh4 Ra3 18. f4 Nh5 19. fxe5 dxe5 20. bxc6 Bxc6 21. Nf5 Rd8 22. Nd5 Bxd5 23. cxd5 Rxd3 24. Qe2 Nf6 25. Kh2 Ra3 26. Nxh6+ gxh6 27. Rxf6 Bg7 28. Rc6 Qa7 29. Bxh6 Bxh6 30. Rxh6 Kf8 31. Qh5 Ra2 32.
Rh8+ Ke7 33. Qxe5+ Kd7 34. Qf5+ Kc7 35. Qxf7+ Rd7 36.
Qf4+ Kb7 37. Rh6 Na4 38. e5 Qb8 39. d6+ Ka7 40. Qb4 Qb7 41. Rg1 Rg7 42. Rh4 Nc5 43.
Qb3 Nxb3 44. Ra4+ Qa6 45. Rxa6+ Kxa6 46. e6 Nc5 47. e7 Rf7 48. g4 Re2 49. e8=Q Rxe8 50.
Ra1+ Kb5 51. Bf1+ Kc6 52. Re1 Kxd6 53. Bg2 Kd7 54. Rxe8 Re7 55. Rb8 Kc7 56. Rg8 b5 57.
Rg5 Kb6 58. Rg6+ Ka5 59. Rg5 Rc7 60. Bd5 b4 61. h4 Ka4 62. h5 Rd7 63. Bc4 Rd4 64.
Rxc5 b3 65. Bxb3+ Kb4 66. Rc4+ Rxc4 67. Bxc4 Kxc4 68. h6 1-0